3045 views
Uploaded 2020-04-26 11:28:11
Game version 1.32.3
20:21 long 2on2 ladder game on (4)CentaurGrove
Saved by zebroni
3045 views
Uploaded 2020-04-26 11:28:11
Game version 1.32.3
20:21 long 2on2 ladder game on (4)CentaurGrove
87 units @ 10k
/ 0.8k
26 buildings @ 4.4k
/ 1.5k

| Rod of Necromancy | 1 | 150 |
| Sacrificial Skull | 1 | 50 |
| Orb of Corruption | 1 | 375 |
| Potion of Healing | 2 | 300 |
| Ritual Dagger | 2 | 250 |
| Scroll of Town Portal | 2 | 700 |
| total: | 9 | 1825g |
| Acolyte | 2 | 150 | / | 0 |
| Ghoul | 37 | 4440 | / | 0 |
| Gargoyle | 1 | 175 | / | 30 |
| Centaur Outrunner | 1 | 195 | / | 0 |
| Harpy Rogue | 1 | 215 | / | 20 |
| total: | 42 | 5175g | / | 50w |
| Nerubian Tower | 1 | 100 | / | 20 |
| Spirit Tower | 1 | 145 | / | 40 |
| Altar of Darkness | 2 | 360 | / | 100 |
| Crypt | 2 | 400 | / | 100 |
| Ziggurat | 5 | 750 | / | 250 |
| Tomb of Relics | 2 | 260 | / | 60 |
| Graveyard | 1 | 215 | / | 0 |
| Halls of the Dead | 1 | 320 | / | 210 |
| Black Citadel | 1 | 325 | / | 230 |
| total: | 12 | 1985g | / | 510w |
| 0:04 | Altar of Darkness |
| 0:08 | Crypt |
| 0:14 | Ziggurat |
| 0:20 | Altar of Darkness |
| 0:27 | Acolyte |
| 0:42 | Acolyte |
| 1:11 | Ghoul |
| 1:18 | Ziggurat |
| 1:26 | Tomb of Relics |
| 1:30 | Tomb of Relics |
| 1:41 | Ghoul |
| 1:56 | Ghoul |
| 2:13 | Ghoul |
| 2:29 | Ghoul |
| 2:31 | Nerubian Tower |
| 2:45 | Ghoul |
| 3:11 | Sleep |
| 3:40 | Ghoul |
| 3:42 | Halls of the Dead |
| 4:07 | Ghoul |
| 5:00 | Ghoul |
| 5:13 | Ghoul |
| 5:25 | Ziggurat |
| 6:09 | Crypt |
| 6:11 | Black Citadel |
| 6:15 | Scroll of Town Portal |
| 6:17 | Rod of Necromancy |
| 6:17 | Sacrificial Skull |
| 7:16 | Ghoul |
| 7:16 | Ghoul |
| 7:30 | Ghoul |
| 7:32 | Graveyard |
| 8:07 | Ghoul |
| 8:12 | Ghoul |
| 8:51 | Ghoul |
| 8:55 | Vampiric Aura |
| 9:16 | Gargoyle |
| 9:20 | Ziggurat |
| 9:27 | Ghoul Frenzy |
| 9:31 | Ghoul |
| 9:31 | Ghoul |
| 9:45 | Creature Attack |
| 10:00 | Spirit Tower |
| 10:24 | Ghoul |
| 10:36 | Ghoul |
| 10:50 | Vampiric Aura |
| 11:05 | Ziggurat |
| 11:28 | Ghoul |
| 11:31 | Unholy Strength |
| 11:44 | Unholy Armor |
| 12:17 | Orb of Corruption |
| 12:30 | Scroll of Town Portal |
| 13:16 | Potion of Healing |
| 13:18 | Ritual Dagger |
| 13:23 | Ghoul |
| 13:39 | Ghoul |
| 14:04 | Ghoul |
| 14:39 | Ghoul |
| 14:53 | Ritual Dagger |
| 15:05 | Ghoul |
| 15:32 | Improved Unholy Strength |
| 15:38 | Potion of Healing |
| 16:18 | Ghoul |
| 16:47 | Centaur Outrunner |
| 16:48 | Harpy Rogue |
| 17:01 | Ghoul |
| 17:11 | Ghoul |
| 17:57 | Ghoul |
| 17:59 | Sleep |
| 18:21 | Ghoul |
| 18:22 | Ghoul |
| 18:40 | Ghoul |
| 19:08 | Ghoul |
| 19:14 | Vampiric Aura |
| 19:32 | Ghoul |
| 19:46 | Ghoul |
| 19:58 | Ghoul |


| Moonstone | 1 | 50 |
| Staff of Preservation | 1 | 150 |
| Potion of Healing | 1 | 150 |
| Orb of Venom | 1 | 325 |
| Dust of Appearance | 1 | 75 |
| Scroll of Town Portal | 1 | 350 |
| Potion of Lesser Invulnerability | 1 | 150 |
| total: | 7 | 1250g |
| Wisp | 32 | 1920 | / | 0 |
| Huntress | 5 | 975 | / | 100 |
| Dryad | 1 | 145 | / | 60 |
| Druid of the Claw | 7 | 1785 | / | 560 |
| total: | 45 | 4825g | / | 720w |
| Altar of Elders | 1 | 180 | / | 50 |
| Moon Well | 6 | 1080 | / | 240 |
| Hunter's Hall | 1 | 210 | / | 100 |
| Ancient of War | 1 | 150 | / | 60 |
| Ancient of Wonders | 2 | 180 | / | 60 |
| Tree of Life | 1 | 340 | / | 185 |
| Ancient of Lore | 2 | 310 | / | 290 |
| Tree of Ages | 1 | 320 | / | 180 |
| Tree of Eternity | 1 | 330 | / | 200 |
| total: | 14 | 2450g | / | 985w |
| 0:01 | Wisp |
| 0:07 | Altar of Elders |
| 0:09 | Wisp |
| 0:16 | Moon Well |
| 0:19 | Wisp |
| 0:38 | Wisp |
| 0:43 | Wisp |
| 1:09 | Wisp |
| 1:13 | Wisp |
| 1:23 | Hunter's Hall |
| 1:26 | Wisp |
| 1:47 | Moon Well |
| 2:04 | Ancient of War |
| 2:06 | Evasion |
| 2:27 | Wisp |
| 2:28 | Wisp |
| 2:32 | Ancient of Wonders |
| 3:34 | Wisp |
| 3:35 | Wisp |
| 3:39 | Huntress |
| 3:44 | Ancient of Wonders |
| 3:46 | Moon Well |
| 4:12 | Huntress |
| 4:49 | Dust of Appearance |
| 4:54 | Tree of Ages |
| 4:57 | Huntress |
| 5:14 | Mana Burn |
| 5:32 | Huntress |
| 6:02 | Huntress |
| 7:20 | Breath of Fire |
| 7:45 | Wisp |
| 7:45 | Wisp |
| 7:46 | Ancient of Lore |
| 7:58 | Wisp |
| 8:02 | Moonstone |
| 8:04 | Staff of Preservation |
| 8:29 | Wisp |
| 8:29 | Wisp |
| 8:30 | Wisp |
| 8:47 | Ancient of Lore |
| 9:15 | Abolish Magic |
| 9:17 | Wisp |
| 9:17 | Wisp |
| 9:17 | Wisp |
| 9:17 | Wisp |
| 9:55 | Moon Well |
| 10:02 | Dryad |
| 10:08 | Drunken Haze |
| 10:17 | Druid of the Claw Adept Training |
| 10:17 | Druid of the Claw |
| 10:27 | Mana Burn |
| 10:32 | Wisp |
| 10:37 | Tree of Eternity |
| 11:00 | Druid of the Claw |
| 11:17 | Potion of Lesser Invulnerability |
| 11:26 | Strength of the Wild |
| 11:28 | Moon Well |
| 12:21 | Scroll of Town Portal |
| 12:24 | Druid of the Claw |
| 12:29 | Reinforced Hides |
| 13:30 | Druid of the Claw Master Training |
| 13:31 | Druid of the Claw |
| 13:42 | Wisp |
| 13:42 | Wisp |
| 13:42 | Wisp |
| 13:42 | Wisp |
| 14:30 | Druid of the Claw |
| 14:32 | Potion of Healing |
| 14:37 | Mark of the Claw |
| 14:50 | Wisp |
| 14:51 | Wisp |
| 14:59 | Wisp |
| 15:06 | Breath of Fire |
| 15:40 | Orb of Venom |
| 16:25 | Moon Well |
| 16:50 | Druid of the Claw |
| 17:32 | Tree of Life |
| 18:09 | Wisp |
| 18:09 | Wisp |
| 18:27 | Evasion |
| 18:58 | Druid of the Claw |
| 19:35 | Drunken Haze |
72 units @ 10.1k
/ 1.2k
28 buildings @ 5.2k
/ 2k


| Healing Salve | 2 | 200 |
| Lesser Clarity Potion | 3 | 210 |
| Scroll of Speed | 3 | 150 |
| Potion of Healing | 2 | 300 |
| Dust of Appearance | 1 | 75 |
| Scroll of Healing | 1 | 250 |
| Scroll of Town Portal | 1 | 350 |
| Scroll of Protection | 1 | 150 |
| total: | 14 | 1685g |
| Peon | 11 | 825 | / | 0 |
| Grunt | 7 | 1400 | / | 0 |
| Raider | 7 | 1260 | / | 280 |
| Shaman | 6 | 780 | / | 120 |
| Kodo Beast | 2 | 510 | / | 120 |
| Razormane Medicine Man | 2 | 700 | / | 120 |
| total: | 35 | 5475g | / | 640w |
| Altar of Storms | 1 | 180 | / | 50 |
| Orc Burrow | 7 | 1120 | / | 280 |
| Barracks | 1 | 180 | / | 50 |
| Voodoo Lounge | 1 | 130 | / | 30 |
| War Mill | 1 | 205 | / | 0 |
| Great Hall | 1 | 385 | / | 185 |
| Beastiary | 1 | 145 | / | 140 |
| Spirit Lodge | 1 | 150 | / | 150 |
| Stronghold | 1 | 315 | / | 190 |
| Fortress | 1 | 325 | / | 190 |
| total: | 14 | 2495g | / | 885w |
| 0:02 | Peon |
| 0:02 | Peon |
| 0:06 | Altar of Storms |
| 0:18 | Orc Burrow |
| 0:24 | Peon |
| 0:34 | Barracks |
| 0:41 | Peon |
| 0:51 | Peon |
| 1:13 | Peon |
| 1:29 | Orc Burrow |
| 1:35 | Peon |
| 1:37 | Grunt |
| 1:45 | Peon |
| 2:01 | Voodoo Lounge |
| 2:07 | Feral Spirit |
| 2:21 | Grunt |
| 3:01 | Stronghold |
| 3:13 | Grunt |
| 3:37 | Orc Burrow |
| 4:01 | Grunt |
| 4:21 | Healing Salve |
| 4:21 | Lesser Clarity Potion |
| 4:21 | Scroll of Speed |
| 4:23 | Scroll of Speed |
| 5:02 | Dust of Appearance |
| 5:38 | Chain Lighting |
| 5:45 | Beastiary |
| 5:52 | Berserker Strength |
| 5:56 | Spirit Lodge |
| 5:58 | Orc Burrow |
| 6:31 | Healing Salve |
| 6:32 | Scroll of Speed |
| 6:34 | War Stomp |
| 6:34 | Shockwave |
| 7:21 | Raider |
| 7:22 | Ensnare |
| 7:32 | Feral Spirit |
| 7:48 | Shaman |
| 7:48 | Shaman |
| 7:48 | Shaman Adept Training |
| 7:56 | War Mill |
| 8:01 | Fortress |
| 8:13 | Endurance Aura |
| 8:32 | Raider |
| 8:34 | Grunt |
| 9:12 | Raider |
| 9:16 | Shaman |
| 9:47 | Reinforced Defenses |
| 9:51 | Kodo Beast |
| 10:37 | Shaman Master Training |
| 10:59 | War Stomp |
| 11:09 | Orc Burrow |
| 11:48 | Shaman |
| 11:52 | Orc Burrow |
| 11:57 | Chain Lighting |
| 12:24 | Kodo Beast |
| 12:25 | Shaman |
| 12:25 | Shaman |
| 12:26 | Grunt |
| 12:30 | Orc Burrow |
| 12:40 | Scroll of Healing |
| 12:41 | Scroll of Protection |
| 13:40 | Raider |
| 13:41 | Raider |
| 13:58 | Great Hall |
| 14:01 | Pillage |
| 14:34 | Razormane Medicine Man |
| 15:05 | Raider |
| 15:43 | Endurance Aura |
| 15:52 | Razormane Medicine Man |
| 16:48 | Feral Spirit |
| 17:04 | Raider |
| 17:09 | Grunt |
| 17:10 | Peon |
| 17:10 | Peon |
| 17:10 | Peon |
| 17:27 | Scroll of Town Portal |
| 17:37 | Lesser Clarity Potion |
| 17:39 | Lesser Clarity Potion |
| 17:44 | Potion of Healing |
| 17:47 | Potion of Healing |
| 18:48 | War Stomp |
| 19:15 | Steel Armor |
| 19:50 | Chain Lighting |

| Staff of Preservation | 1 | 150 |
| Scroll of Healing | 3 | 750 |
| Scroll of Town Portal | 1 | 350 |
| total: | 5 | 1250g |
| Wisp | 19 | 1140 | / | 0 |
| Huntress | 7 | 1365 | / | 140 |
| Archer | 8 | 1040 | / | 80 |
| Mountain Giant | 3 | 1050 | / | 300 |
| total: | 37 | 4595g | / | 520w |
| Altar of Elders | 1 | 180 | / | 50 |
| Moon Well | 5 | 900 | / | 200 |
| Ancient of War | 2 | 300 | / | 120 |
| Hunter's Hall | 1 | 210 | / | 100 |
| Ancient of Wonders | 1 | 90 | / | 30 |
| Tree of Life | 2 | 680 | / | 370 |
| Ancient of Lore | 2 | 310 | / | 290 |
| Tree of Ages | 1 | 320 | / | 180 |
| Tree of Eternity | 1 | 330 | / | 200 |
| total: | 14 | 2670g | / | 1160w |
| 0:03 | Wisp |
| 0:03 | Wisp |
| 0:09 | Altar of Elders |
| 0:18 | Moon Well |
| 0:18 | Wisp |
| 0:19 | Wisp |
| 0:28 | Wisp |
| 0:47 | Wisp |
| 0:54 | Wisp |
| 1:17 | Wisp |
| 1:31 | Wisp |
| 1:32 | Wisp |
| 1:55 | Ancient of War |
| 1:59 | Hunter's Hall |
| 2:06 | Moon Well |
| 2:11 | Wisp |
| 2:17 | Entangling Roots |
| 2:25 | Ancient of War |
| 2:31 | Wisp |
| 3:10 | Huntress |
| 3:34 | Huntress |
| 3:44 | Huntress |
| 3:54 | Ultravision |
| 4:33 | Huntress |
| 4:42 | Tree of Ages |
| 4:58 | Huntress |
| 5:18 | Moon Well |
| 5:42 | Force of Nature |
| 6:00 | Huntress |
| 6:17 | Ancient of Wonders |
| 6:30 | Huntress |
| 7:36 | Tree of Eternity |
| 7:37 | Archer |
| 7:38 | Improved Bows |
| 7:46 | Force of Nature |
| 8:02 | Moon Well |
| 8:04 | Moon Well |
| 8:25 | Strength of the Moon |
| 8:32 | Archer |
| 8:55 | Ancient of Lore |
| 8:57 | Ancient of Lore |
| 8:58 | Archer |
| 9:33 | Archer |
| 10:01 | Tree of Life |
| 10:04 | Marksmanship |
| 10:35 | Hardened Skin |
| 10:35 | Resistant Skin |
| 10:50 | Entangling Roots |
| 11:05 | Mountain Giant |
| 11:07 | Archer |
| 11:28 | Reinforced Hides |
| 11:59 | Scroll of Healing |
| 12:29 | Entangling Roots |
| 13:03 | Archer |
| 13:25 | Mountain Giant |
| 14:52 | Tree of Life |
| 15:00 | Improved Reinforced Hides |
| 15:07 | Archer |
| 15:18 | Tranquility |
| 15:41 | Improved Strength of the Moon |
| 16:31 | Scroll of Town Portal |
| 16:32 | Staff of Preservation |
| 16:37 | Wisp |
| 16:55 | Wisp |
| 16:55 | Wisp |
| 17:01 | Wisp |
| 17:31 | Wisp |
| 17:31 | Wisp |
| 17:49 | Scroll of Healing |
| 17:57 | Scroll of Healing |
| 18:01 | Wisp |
| 19:01 | Mountain Giant |
| 19:52 | Archer |